 Dungeon Crawl Stone Soup version 0.31-a0-95-g6fa058ef04 (webtiles) character file.

Game seed: 8819464121176033647

1841830 Flugkiller the Hawkeye (level 24, 265/265 HPs)
             Began as a Troll Berserker on May 25, 2023.
             Was the Champion of Trog.
             Escaped with the Orb
             ... and 3 runes on May 26, 2023!
             The game lasted 02:03:48 (54091 turns).

Flugkiller the Hawkeye (Troll Berserker)           Turns: 54091, Time: 02:03:48

Health: 265/265    AC: 31    Str: 41    XL:     24   Next: 77%
Magic:  22/22      EV: 13    Int:  9    God:    Trog [******]
Gold:   6496       SH: 17    Dex:  9    Spells: 23/23 levels left

rFire   + +          .
                       - Unarmed
rCold   + . .        R - +5 kite shield of Wiecs {-Cast rElec rF+ Str+6}
rNeg    . . .        c - +7 gold dragon scales
rPois   +            (helmet restricted)
rElec   +            Q - +1 cloak "Ujosawye" {Regen+ Str-4 Int+3 Slay+3}
rCorr   .            (gloves unavailable)
SInv    +            (boots unavailable)
Will    +....        g - amulet of faith Stlth
                     v - +5 ring of evasion
HPRegen 2.24/turn    i - ring of see invisible
MPRegen 0.18/turn

%: no spellcasting, faith
@: no status effects
A: large, unfitting armour, claws 3, regeneration 1, shaggy fur 1, tough skin 1,
iridescent scales 1, clever 1, clumsy 1, deterioration 1, screaming 2, strong 1,
inability to drink after injury 1
0: Orb of Zot
}: 3/15 runes: decaying, serpentine, slimy
a: Renounce Religion, Berserk, Trog's Hand, Brothers in Arms


You escaped.
You worshipped Trog.
Trog was exalted by your worship.
You visited 9 branches of the dungeon, and saw 48 of its levels.
You visited the Abyss 1 time.
You also visited: Ossuary, Bailey, Ice Cave and Volcano.

You collected 7037 gold pieces.
You spent 541 gold pieces at shops.

Inventory:

Missiles
 a - 5 throwing nets
 b - 15 javelins
 x - 21 boomerangs
 C - 21 large rocks (quivered)
 H - 16 silver boomerangs
 K - 7 curare-tipped darts
 W - 7 silver javelins
Armour
 c - +7 gold dragon scales (worn)
   (You found it on level 1 of the Realm of Zot)
 Q - the +1 cloak "Ujosawye" (worn) {Regen+ Str-4 Int+3 Slay+3}
   (You acquired it on level 3 of the Snake Pit)

   Str:       It affects your strength (-4).
   Int:       It affects your intelligence (+3).
   Slay:      It affects your accuracy & damage with ranged weapons and melee
   (+3).
   Regen:     It increases your rate of health regeneration.
 R - the +5 kite shield of Wiecs (worn) {-Cast rElec rF+ Str+6}
   (You acquired it on level 5 of the Lair of Beasts)

   Str:       It affects your strength (+6).
   rF:        It protects you from fire.
   rElec:     It insulates you from electricity.
   -Cast:     It prevents spellcasting.
 S - a +2 cloak of cold resistance
   (You found it in an ice cave)
Jewellery
 g - an amulet of faith (around neck)
   (You found it on level 4 of the Dungeon)
 i - a ring of see invisible (right claw)
   (You found it on level 1 of the Dungeon)
 j - a +4 ring of slaying
   (You found it on level 3 of the Realm of Zot)
 m - a ring of willpower
   (You took it off a spriggan air mage on level 2 of the Depths)
 p - a +4 ring of protection
   (You took it off a hobgoblin on level 8 of the Dungeon)
 s - a ring of flight
   (You took it off a necromancer on level 3 of the Depths)
 u - the ring "Quniosoz" {rPois Str+2}
   (You found it on level 1 of the Depths)

   [ring of poison resistance]

   Str:       It affects your strength (+2).
   rPois:     It protects you from poison.
 v - a +5 ring of evasion (left claw)
   (You found it on level 9 of the Dungeon)
Wands
 f - a wand of quicksilver (26)
   (You found it on level 2 of the Dungeon)
 l - a wand of mindburst (86)
   (You found it on level 5 of the Dungeon)
 J - a wand of charming (59)
   (You found it on level 6 of the Dungeon)
 O - a wand of roots (29)
   (You found it on level 10 of the Dungeon)
 Z - a wand of digging (21)
   (You found it on level 2 of the Swamp)
Scrolls
 t - 11 scrolls of teleportation
 z - 5 scrolls of blinking
 A - 2 scrolls of torment
 B - 8 scrolls of vulnerability
 E - 10 scrolls of fog
 G - a scroll of fear
 I - 6 scrolls of magic mapping
 L - a scroll of immolation
 M - 9 scrolls of poison
 N - 3 scrolls of butterflies
 T - 3 scrolls of silence
Potions
 d - 8 potions of might
 e - 4 potions of enlightenment
 h - 4 potions of haste
 k - 4 potions of cancellation
 n - 5 potions of resistance
 o - 7 potions of attraction
 q - 12 potions of curing
 r - 2 potions of invisibility
 w - 11 potions of heal wounds
 F - 4 potions of ambrosia
 P - 2 potions of lignification
 X - 6 potions of mutation
 Y - 2 potions of berserk rage
Miscellaneous
 U - a box of beasts
   (You found it in an ice cave)
 V - a phial of floods
   (You found it in an ice cave)


   Skills:
 - Level 20.0 Fighting
 + Level 23.9 Throwing
 - Level 11.0 Armour
 - Level 12.7 Dodging
 - Level 14.5 Shields
 - Level 20.0 Unarmed Combat
 - Level 3.0 Evocations


You had 23 spell levels left.
You didn't know any spells.
Your spell library was empty.

Dungeon Overview and Level Annotations

Branches:
Dungeon (15/15)            Temple (0/1) D:7            Lair (5/5) D:10
  Swamp (4/4) Lair:3        Snake (4/4) Lair:2        Slime (5/5) Lair:4
    Orc (2/2) D:12            Elf (0/3) Orc:2        Vaults (4/5) D:14
  Crypt (0/3) Vaults:2     Depths (4/4) D:15            Zot (5/5) Depths:4
Ossuary (visited)          Bailey (visited)           IceCv (visited)
Volcano (visited)

Altars:
Cheibriados
Dithmenos
Gozag
Hepliaklqana
Makhleb
Nemelex Xobeh
Okawaru
Sif Muna
Uskayaw
Xom
Jiyva

Shops:
Orc:2 ?=[(   Snake:2 *=   Snake:4 :[   Vaults:2 [   Depths:1 [[:   Depths:3 :

Portals:
Hell: Lair:5 Depths:1 Depths:2 Depths:3 Depths:4
Abyss: Depths:3
Pandemonium: Depths:2 Depths:3 Depths:4
Ziggurat: Depths:2

Annotations:
Zot:3 3 runed translucent doors, Beel's ghost, master NaVM


Innate Abilities, Weirdness & Mutations

You are too large for most types of armour.
You have claws for hands.
Your natural rate of healing is unusually fast.
You are covered in fur. (AC +1)
You have tough skin. (AC +1)
You are partially covered in iridescent scales. (AC +2)
Your mind is acute. (Int +4, Str/Dex -1)
You are clumsy. (Dex -2)
Your body sometimes deteriorates upon taking damage.
You frequently scream uncontrollably at your foes.
Your muscles are strong. (Str +4, Int/Dex -1)
You occasionally lose the ability to drink potions when taking damage.


Message History

Ymmemip is almost dead.
You block the ball python's attack.
The lich casts a spell.
The lich flickers and vanishes for a moment.
You block the large abomination's attack.
Throw: 3 javelins (silver)
Press: ? - help, Q - select action, (/) - cycle Shift-Dir - straight line, f/p - Ymmemip
Aim: Ymmemip (almost dead, 86% to hit, chaotic)
You throw a silver javelin.
The silver javelin barely misses Ymmemip.
The ball python barely misses you.
Ymmemip gestures.
Ymmemip flickers and vanishes for a moment.
You block the lich's attack.
The large abomination barely misses you.
Throw: 2 javelins (silver)
Press: ? - help, Q - select action, (/) - cycle Shift-Dir - straight line, f/p - Ymmemip
Aim: Ymmemip (almost dead, slightly transparent, 86% to hit, chaotic)
You throw a silver javelin.
The silver javelin pierces through Ymmemip!!!
The silver sears Ymmemip!
You kill Ymmemip!
Trog accepts your kill. You block the ball python's attack.
The lich gestures at you while chanting.
The bolt of cold misses you. The large abomination misses you.
You closely miss the lich. You block the ball python's attack.
You closely miss the lich. The ball python closely misses you.
The lich touches you but does no damage.
The large abomination misses you.
You barely miss the lich. You block the ball python's attack.
The lich conjures a glowing orb.
You block the orb of destruction.
The large abomination closely misses you.
You eviscerate the lich!!!
The lich is heavily damaged.
The ball python bites you but does no damage.
You closely miss the lich.
The lich is heavily damaged.
The large abomination hits you but does no damage.
The lich completely misses you.
You closely miss the lich.
The lich is heavily damaged.
The ball python closely misses you. The large abomination misses you.
The lich gestures at you while chanting.
The bolt of cold hits you!! You resist.
You barely miss the lich.
The lich is heavily damaged.
The ball python bites you but does no damage.
You barely miss the lich.
The lich is heavily damaged.
You block the large abomination's attack.
The lich touches you but does no damage.
You block the ball python's attack.
You mangle the lich!!
The lich is severely damaged.
You block the large abomination's attack.
You block the lich's attack.
You eviscerate the lich!!!
You destroy the lich!
Trog accepts your kill.
Trog appreciates your killing of a magic user.
The ball python bites you but does no damage.
The large abomination misses you.
You barely miss the large abomination. You block the ball python's attack.
You eviscerate the large abomination!!!
You destroy the large abomination!
Trog accepts your kill.
The ball python bites you but does no damage.
You mangle the ball python!!
You kill the ball python!
Trog accepts your kill.
No target in view!
No target in view!
You see here a +0 robe.
W - 7 silver javelins (gained 6)
You feel the effects of Trog's Hand fading.
You see here a +0 robe.
There is a stone staircase leading up here.
Your skin stops crawling.
You feel less strong-willed.
You climb upwards.
A demonspawn blood saint comes into view.
It is wielding a +0 dagger.
There is a stone staircase leading down, spattered with blood here.
You see here a scroll of amnesia.
The demonspawn blood saint moves out of view.
There is a stone staircase leading up here.
You climb upwards.
There is a stone staircase leading down here.
(D) Dungeon (T) Temple (L) Lair (S) Swamp (P) Snake Pit (M) Slime Pits (O) Orcish Mines (E) Elven Halls (V) Vaults (C) Crypt (U) Depths (H) Hell (Z) Zot
Where to? (Enter - D:1 @ (x,y), ? - help)
There is an open door here.
There is a stone staircase leading up here.
You climb upwards.
There is a stone staircase leading down here.
There is a staircase leading out of the dungeon here.
Enter note: gg You have escaped!

..## ######### #.##...## #.# ..#
#.......#####.......# #.#
######................)..####.#
.....'.......................>#
######.......#.#######.###.##.###
###.......#.#.....#.# #.#.....
####....####.........#.# #.#..###
...'....# ##.#####...#.###.#.....
####....###..#..@#...#.....##.###
####.........#.#.....#.##........
.............#.#####.#.######.###
###..........#....[#.#.###.##.#
###........#...#>..#...#.##.#
#####.....##.#...#####.#.#.##.#
....†...†).#.#.........#...##.###
#########..#.#.....#.###...+.....
#..#.#######.###...##.###


There were no monsters in sight!

Vanquished Creatures
  the Royal Jelly (Slime:5)
  3 dread liches (Zot:5)
  2 ancient liches (Zot:5)
  2 orbs of fire
  A pandemonium lord (D:4)
  Bai Suzhen (Depths:1)
  A curse toe (Zot:3)
  4 Killer Klowns
  9 golden dragons
  5 caustic shrikes
  the Enchantress (Depths:2)
  4 electric golems
  Mlioglotl (Swamp:2)
  2 liches
  A titan (Depths:2)
  12 tentacled monstrosities
  Jorgrun (Orc:1)
  25 Orb Guardians
  A walking frostbound tome (Depths:2)
  9 quicksilver dragons
  15 acid blobs (Slime:5)
  A walking divine tome (Depths:3)
  5 death cobs
  A tentacled starspawn (Abyss:3)
  Agnes (Snake:2)
  4 sphinxes
  A thorn hunter (Swamp:4)
  3 tengu reavers
  6 shadow dragons
  A draconian monk (Zot:1)
  7 storm dragons
  5 rockslimes
  A draconian knight (Zot:4)
  13 azure jellies
  8 fire giants
  Aizul (Swamp:3)
  2 nagarajas
  6 vault wardens
  A curse skull (Vaults:2)
  6 frost giants
  A ghost moth (Zot:5)
  A caustic shrike zombie (Depths:3)
  6 draconian annihilators
  3 draconian scorchers
  An iron dragon (Depths:3)
  2 orc warlords (Vaults:2)
  A balrug (Depths:1)
  3 spriggan defenders (Depths:2)
  A reaper (Depths:4)
  4 draconian stormcallers
  21 ironbound preservers
  A caustic shrike skeleton (Depths:3)
  3 cacodemons
  8 quicksilver oozes
  8 draconian shifters
  17 very ugly things
  5 stone giants
  5 ironbound thunderhulks
  9 green draconians
  3 vampire knights
  9 dire elephants
  15 purple draconians
  13 red draconians
  6 bunyips
  Azrael (Snake:3)
  10 black draconians
  3 eleionomae
  A lorocyproca (Depths:2)
  9 spark wasps
  6 white draconians
  9 yellow draconians
  Snorg (Lair:4)
  5 ettins
  A merfolk impaler (Depths:4)
  8 formless jellyfish
  10 yaktaur captains
  2 shambling mangroves (Swamp:4)
  7 great orbs of eyes
  3 fire dragons
  20 hydras
  12 vault guards
  9 ice dragons
  A spriggan zombie (Depths:3)
  2 ghost crabs
  2 rakshasas
  3 salamander tyrants (Snake:4)
  A quicksilver dragon skeleton (Depths:3)
  2 hell beasts
  6 ironbound frosthearts
  5 spriggan air magi
  A peacekeeper (Vaults:2)
  10 anacondas
  A catoblepas (D:14)
  2 ogre magi (Orc:2)
  A death knight (Vaults:2)
  A dancing weapon (Volcano)
  16 two-headed ogres
  12 centaur warriors
  9 boulder beetles
  9 deep troll shamans
  12 naga warriors
  7 death yaks (IceCv)
  3 tengu warriors
  3 spriggan berserkers
  A vampire mage (Vaults:2)
  11 deep troll earth magi
  A titan zombie (Depths:3)
  5 alligators
  9 naga sharpshooters
  6 shock serpents
  An orc high priest (Orc:1)
  A skyshark (Lair:2)
  A fire crab (Lair:5)
  2 soul eaters
  12 hell knights (Depths:3)
  10 iron trolls
  A titan skeleton (Depths:2)
  A storm dragon skeleton (Depths:2)
  5 glowing orange brains
  5 salamander mystics
  4 goliath frogs
  5 large abominations
  A spectral death yak (Lair:3)
  3 sun demons
  78 deep trolls
  4 naga ritualists
  3 spriggan druids
  4 sea snakes
  A sea snake (shapeshifter) (Vaults:2)
  11 swamp dragons
  2 deep elf pyromancers (D:15)
  11 ironbound convokers
  13 wizards
  6 orc knights
  7 harpies
  10 mana vipers
  2 golden dragon skeletons (Depths:3)
  8 lindwurms
  7 bog bodies
  An iron dragon zombie (Depths:3)
  2 phantasmal warriors (Depths:4)
  5 cyclopes
  2 tengu skeletons
  2 orc sorcerers (Orc:1)
  8 necromancers
  4 will-o-the-wisps
  A frost giant zombie (Vaults:1)
  9 elephants
  3 manticores (D:11)
  4 shining eyes
  51 ugly things
  19 moths of wrath
  A sphinx skeleton (Depths:2)
  5 toenail golems (Volcano)
  A frost giant skeleton (Depths:3)
  17 naga magi
  A water nymph (shapeshifter) (D:15)
  14 salamanders
  40 black mambas
  An ice statue (IceCv)
  5 guardian serpents
  4 rust devils
  5 smoke demons
  An iron dragon skeleton (Depths:2)
  10 cane toads
  A gargoyle (D:11)
  An unseen horror (Abyss:3)
  2 eyes of devastation
  14 vault sentinels
  2 elf zombies
  5 torpor snails
  Maggie (D:7)
  3 orange demons
  4 kobold demonologists
  5 rime drakes
  2 golden dragon simulacra (Depths:3)
  14 yaktaurs
  2 efreet (D:13)
  12 komodo dragons
  3 red devils
  6 ice devils
  A yaktaur skeleton (Vaults:1)
  3 tengu conjurers
  11 trolls
  10 polar bears
  A merfolk (D:11)
  11 hornets
  14 tyrant leeches
  2 hellwings
  A wind drake (D:14)
  Prince Ribbit (D:7)
  10 dream sheep
  10 blink frogs (Lair:4)
  2 spectral black mambas (Lair:3)
  53 slime creatures
  7 shadows
  3 flying skulls
  4 spriggans
  6 water elementals
  Sigmund (D:6)
  5 wyverns
  An elf simulacrum (Vaults:1)
  49 yaks
  A ynoxinul (Abyss:3)
  3 basilisks
  2 wraiths
  A hog (D:11)
  3 steam dragons
  3 fire elementals (Snake:3)
  11 golden eyes
  A neqoxec (Depths:3)
  Grum (Bailey)
  6 chaos spawn
  A spectral fire crab (Lair:3)
  20 vampire mosquitoes
  Menkaure (D:7)
  11 swamp worms
  A warg (Orc:2)
  3 acid dragons
  48 nagas
  A glowing shapeshifter zombie (Vaults:3)
  2 glowing shapeshifter skeletons
  A floating eye (Depths:2)
  17 water moccasins
  6 hell hounds
  15 orc warriors
  A floating eye (shapeshifter) (Vaults:3)
  2 spectral blink frogs (Lair:3)
  2 human zombies
  An ice beast (D:8)
  5 swamp drakes
  6 black bears (D:11)
  2 sky beasts (D:14)
  37 wolves
  5 boggarts (Vaults:1)
  22 ogres
  6 centaurs
  A phantom (D:4)
  A human skeleton (Vaults:3)
  5 kobold brigands
  19 bullfrogs
  3 small abominations (Abyss:3)
  12 gnoll sergeants
  5 scorpions
  15 wights
  12 killer bees
  15 electric eels
  5 howler monkeys
  12 orc priests
  9 gnoll boudas
  9 hounds
  7 iguanas
  3 jellies
  Natasha (thrice) (D:2)
  15 orc wizards
  A lightning spire (Zot:1)
  A boggart simulacrum (D:14)
  A mummy (Ossuary)
  44 gnolls
  8 adders
  2 shadow imps (D:7)
  2 white imps
  2 worms (D:3)
  6 dart slugs
  56 orcs
  4 bats
  7 endoplasms
  3 giant cockroaches
  5 goblins
  11 hobgoblins
  19 jackals
  4 quokkas
  10 ball pythons
  3 frilled lizards
  6 gnoll skeletons (Ossuary)
  46 kobolds
  8 kobold skeletons (Ossuary)
  11 orc skeletons (Ossuary)
  7 rats
  2 starspawn tentacles (Abyss:3)
1965 creatures vanquished.

Vanquished Creatures (collateral kills)
  A bone dragon (Abyss:3)
  Rupert (Orc:1)
  An acid blob (Slime:5)
  The ghost of qborf the Unseen, an adept FoEn of Cheibriados (Snake:2)
  Louise (D:14)
  A spriggan defender (Depths:2)
  An eleionoma (Swamp:3)
  A yaktaur captain (Vaults:4)
  A hydra (Swamp:3)
  A rakshasa (D:11)
  A centaur warrior (D:14)
  2 anacondas (Snake:4)
  A death knight (D:14)
  2 ironbound frosthearts
  2 alligators (Swamp:3)
  A thrashing horror (Abyss:3)
  3 deep trolls
  A goliath frog (Swamp:3)
  An ironbound convoker (Vaults:4)
  A lindwurm (Snake:4)
  An ugly thing (D:14)
  A will-o-the-wisp (Swamp:3)
  A shining eye (Abyss:3)
  3 guardian serpents
  5 elephants (Lair:5)
  4 black mambas
  A gargoyle (D:14)
  A yaktaur (Vaults:4)
  3 large abominations (Abyss:3)
  3 hornets
  4 blink frogs (Lair:5)
  An ettin zombie (Abyss:3)
  6 slime creatures
  A wraith (D:14)
  3 spriggans (Depths:2)
  2 vampire mosquitoes (Swamp:3)
  A naga (Snake:2)
  A swamp worm (Swamp:3)
  An acid dragon (D:14)
  6 orc warriors
  An ice beast (D:8)
  A sky beast (D:8)
  2 small abominations (Abyss:3)
  5 centaurs (D:14)
  A boggart (D:14)
  A howler monkey (D:14)
  2 orc priests (D:8)
  5 orc wizards
  16 orcs
  A starspawn tentacle (Abyss:3)
109 creatures vanquished.

Vanquished Creatures (others)
  A fire giant (Depths:1)
  A naga ritualist (Snake:3)
  A manticore (D:11)
  2 bloated husks (Swamp:3)
  A sky beast (D:14)
  4 orcs
  26 foxfires
  A starspawn tentacle (Abyss:3)
37 creatures vanquished.

Grand Total: 2111 creatures vanquished

Notes
Turn   | Place    | Note
-------+----------+-------------------------------------------
     0 | D:1      | Flugkiller the Troll Berserker began the quest for the Orb.
     0 | D:1      | Reached XP level 1. HP: 22/22 MP: 0/0
    85 | D:1      | Reached XP level 2. HP: 28/29 MP: 1/1
   375 | D:1      | Reached ** piety under Trog
   394 | D:1      | Reached XP level 3. HP: 37/37 MP: 2/2
   932 | D:2      | Reached XP level 4. HP: 45/45 MP: 3/3
   939 | D:2      | Found a faded altar of an unknown god.
  1013 | D:2      | Noticed Natasha
  1023 | D:2      | Killed Natasha
  1149 | D:2      | Noticed Natasha
  1158 | D:2      | Killed Natasha
  1199 | D:2      | Noticed Natasha
  1203 | D:2      | Killed Natasha
  1204 | D:2      | Reached XP level 5. HP: 54/54 MP: 4/4
  1409 | D:3      | Reached *** piety under Trog
  2152 | D:4      | Noticed a phantom
  2162 | D:4      | Killed a phantom
  2163 | D:4      | Reached XP level 6. HP: 61/63 MP: 5/5
  2346 | D:4      | Reached skill level 5 in Fighting
  2517 | D:5      | Entered Level 5 of the Dungeon
  2540 | D:5      | Reached XP level 7. HP: 49/72 MP: 6/6
  2599 | D:5      | Reached skill level 1 in Throwing
  2604 | D:5      | Reached skill level 5 in Unarmed Combat
  2894 | D:5      | Reached **** piety under Trog
  2991 | D:5      | Reached skill level 2 in Throwing
  2991 | D:5      | Reached XP level 8. HP: 68/83 MP: 7/7
  3425 | D:6      | Found a hazy altar of Hepliaklqana.
  3628 | D:6      | Noticed Sigmund
  3645 | D:6      | Killed Sigmund
  3684 | D:6      | Reached skill level 3 in Throwing
  3687 | D:6      | Reached skill level 5 in Dodging
  3919 | D:6      | Reached XP level 9. HP: 84/93 MP: 8/8
  4292 | D:6      | Reached skill level 1 in Evocations
  4595 | D:7      | Reached ***** piety under Trog
  4611 | D:7      | Noticed Menkaure
  4620 | D:7      | Killed Menkaure
  4710 | D:7      | Reached skill level 4 in Throwing
  4737 | D:7      | Noticed Prince Ribbit
  4750 | D:7      | Killed Prince Ribbit
  4900 | D:7      | Noticed Maggie
  4914 | D:7      | Killed Maggie
  4978 | D:7      | Found an iron altar of Okawaru.
  5141 | D:7      | Reached XP level 10. HP: 102/104 MP: 9/9
  5349 | D:7      | Found a staircase to the Ecumenical Temple.
  5523 | D:7      | Received a gift from Trog
  5688 | D:8      | Reached skill level 5 in Throwing
  5840 | D:8      | Identified the +1 quarterstaff "Zineubemn" {spect, rF+ rC+}
  5971 | D:8      | Found a sand-covered staircase.
  5980 | Ossuary  | Entered an ossuary
  6612 | D:8      | Identified the +1 scale mail of the Maze {Int+2}
  7184 | D:9      | Reached XP level 11. HP: 115/115 MP: 10/10
  7249 | D:9      | Noticed a two-headed ogre
  7258 | D:9      | Killed a two-headed ogre
  7259 | D:9      | Reached skill level 6 in Throwing
  7559 | D:10     | Entered Level 10 of the Dungeon
  7562 | D:10     | Found a shadowy altar of Dithmenos.
  7721 | D:10     | Found a flagged portal.
  7731 | Bailey   | Entered a bailey
  7898 | Bailey   | Received a gift from Trog
  7899 | Bailey   | Noticed Grum
  7918 | Bailey   | Killed Grum
  8035 | Bailey   | Reached ****** piety under Trog
  8074 | Bailey   | Identified the +7 plate armour "Zocuac" {rF+ rN+ rCorr}
  8219 | D:10     | Found a staircase to the Lair.
  8249 | D:10     | Reached skill level 10 in Fighting
  8429 | D:10     | Found a sparkling altar of Nemelex Xobeh.
  8464 | D:10     | Found a shimmering blue altar of Sif Muna.
  9006 | D:11     | Received a gift from Trog
  9315 | D:11     | Noticed a rakshasa
  9331 | D:11     | Killed a rakshasa
  9332 | D:11     | Reached skill level 7 in Throwing
  9413 | D:11     | Noticed a two-headed ogre
  9419 | D:11     | Killed a two-headed ogre
  9438 | D:11     | Found a hide-covered altar of Uskayaw.
  9512 | D:11     | Noticed a two-headed ogre
  9524 | D:11     | Killed a two-headed ogre
  9525 | D:11     | Reached XP level 12. HP: 128/128 MP: 11/11
  9562 | D:11     | Reached skill level 10 in Dodging
  9934 | D:11     | Noticed a two-headed ogre
  9936 | D:11     | Noticed a two-headed ogre
  9938 | D:11     | Noticed a two-headed ogre
  9940 | D:11     | Killed a two-headed ogre
  9946 | D:11     | Killed a two-headed ogre
  9951 | D:11     | Killed a two-headed ogre
  9959 | D:11     | Received a gift from Trog
 10246 | D:11     | Reached skill level 10 in Unarmed Combat
 10247 | D:11     | Noticed a two-headed ogre
 10259 | D:11     | Killed a two-headed ogre
 10260 | D:11     | Reached skill level 8 in Throwing
 10529 | D:11     | Identified the +0 scale mail of Complete Protection {Will-
                  | Dex+5}
 10999 | Lair:1   | Entered Level 1 of the Lair of Beasts
 11957 | Lair:2   | Found a snail-covered altar of Cheibriados.
 11995 | Lair:2   | Reached XP level 13. HP: 140/140 MP: 12/12
 12304 | Lair:2   | Found a staircase to the Snake Pit.
 13357 | Lair:3   | Received a gift from Trog
 13587 | Lair:3   | Reached skill level 9 in Throwing
 13603 | Lair:3   | Found a staircase to the Swamp.
 14222 | Lair:4   | Found a viscous altar of Jiyva.
 14222 | Lair:4   | Found a staircase to the Slime Pits.
 14991 | Lair:5   | Entered Level 5 of the Lair of Beasts
 14991 | Lair:5   | Noticed Snorg
 14999 | Lair:4   | Killed Snorg
 15228 | Lair:5   | Received a gift from Trog
 15229 | Lair:5   | Reached XP level 14. HP: 114/153 MP: 13/13
 15312 | Lair:5   | Reached skill level 10 in Throwing
 15326 | Lair:5   | Found a frozen archway.
 15351 | IceCv    | Entered an ice cave
 16143 | IceCv    | Noticed a frost giant
 16156 | IceCv    | Received a gift from Trog
 16163 | IceCv    | Killed a frost giant
 16232 | IceCv    | Identified the staff of fire "Bikidug" {+Blink rF+ Will+
                  | Str-5 Stlth+}
 16449 | Lair:5   | Reached skill level 1 in Shields
 16743 | Lair:5   | Found a burning altar of Makhleb.
 16781 | Lair:5   | Reached skill level 5 in Shields
 16856 | Lair:5   | Found a gateway to Hell.
 17240 | Lair:5   | Identified a scroll of acquirement
 17243 | Lair:5   | Acquired the +5 kite shield of Wiecs {-Cast rElec rF+
                  | Str+6}
 17467 | D:12     | Found a hide-covered altar of Uskayaw.
 17567 | D:12     | Identified the +1 long sword "With Two Names" {flame, Fly
                  | rF- SInv}
 17709 | D:12     | Received a gift from Trog
 17722 | D:12     | Found a staircase to the Orcish Mines.
 18421 | D:13     | Reached XP level 15. HP: 162/162 MP: 14/14
 18696 | D:13     | Reached skill level 11 in Throwing
 18943 | D:14     | Noticed Louise
 19102 | D:14     | Killed Louise
 19164 | D:14     | Found a snail-covered altar of Cheibriados.
 19413 | D:14     | Found a gate to the Vaults.
 19777 | D:15     | Entered Level 15 of the Dungeon
 20478 | D:15     | Paralysed by a great orb of eyes for 3 turns
 20576 | D:15     | Found a staircase to the Depths.
 20683 | Orc:1    | Entered Level 1 of the Orcish Mines
 20693 | Orc:1    | Paralysed by an orc sorcerer for 2 turns
 20709 | Orc:1    | Received a gift from Trog
 20851 | Orc:2    | Entered Level 2 of the Orcish Mines
 20881 | Orc:2    | Found a dark tunnel.
 20898 | Volcano  | Entered a volcano
 20933 | Abyss:3  | Cast into level 3 of the Abyss (a wizard)
 20962 | Abyss:3  | Found a corrupted altar of Lugonu.
 20970 | Abyss:3  | Noticed a tentacled monstrosity
 20990 | Abyss:3  | Killed a tentacled monstrosity
 20991 | Abyss:3  | Reached skill level 12 in Throwing
 21013 | Abyss:3  | Noticed a tentacled starspawn
 21024 | Abyss:3  | Killed a tentacled starspawn
 21045 | Abyss:3  | Gained mutation: You are dopey. (Int -2) [a cacodemon]
 21068 | Abyss:3  | Reached XP level 16. HP: 174/174 MP: 15/15
 21074 | Abyss:3  | Noticed a bone dragon
 21085 | Abyss:3  | Lost intelligence.
 21088 | Abyss:3  | Killed a bone dragon
 21113 | Volcano  | Escaped the Abyss
 21168 | Volcano  | Lost mutation: You are dopey. (Int -2) [potion of mutation]
 21168 | Volcano  | Gained mutation: You are strong-willed. (Will+) [potion of
                  | mutation]
 21490 | Orc:2    | Noticed Rupert
 21537 | Orc:1    | Killed Rupert
 21781 | Orc:2    | Found a staircase to the Elven Halls.
 22019 | Orc:2    | Found Gukiahez's Magic Scroll Shop.
 22020 | Orc:2    | Found Wuribeed's Jewellery Shop.
 22032 | Orc:2    | Found Ginlokafe's Armour Emporium.
 22052 | Orc:2    | Bought a scroll of blinking for 82 gold pieces
 22052 | Orc:2    | Bought a scroll of blinking for 82 gold pieces
 22055 | Orc:2    | Found Gawaing's Weapon Boutique.
 22403 | Orc:1    | Received a gift from Trog
 22406 | Orc:1    | Noticed Jorgrun
 22425 | Orc:1    | Killed Jorgrun
 22911 | Snake:1  | Entered Level 1 of the Snake Pit
 23131 | Snake:1  | Reached skill level 15 in Fighting
 23473 | Snake:1  | Reached skill level 13 in Throwing
 24249 | Snake:2  | Noticed Agnes
 24256 | Snake:2  | Reached skill level 15 in Unarmed Combat
 24256 | Snake:2  | Killed Agnes
 24513 | Snake:2  | Found Hyjudiw's Jewellery Shoppe.
 24513 | Snake:2  | Found Bycruid's Assorted Antiques.
 24579 | Snake:2  | Reached XP level 17. HP: 173/184 MP: 16/16
 24589 | Snake:2  | Identified the +8 eveningstar of the Puffin {flame, Dex+4}
                  | (Trog gifted it to you on level 2 of the Snake Pit)
 24589 | Snake:2  | Received a gift from Trog
 24691 | Snake:2  | Identified the +4 scale mail "Beun" {rC+}
 24736 | Snake:2  | Found a transporter.
 24736 | Snake:2  | Noticed qborf's ghost (adept FoEn)
 24747 | Snake:2  | Found a transporter.
 25210 | Snake:2  | Killed qborf's ghost
 25217 | Snake:2  | Identified the +0 cloak "Rumnowor" {Will+}
 25250 | Snake:2  | Identified the +0 scale mail of the Game Afoot {Int+3}
 25563 | Snake:3  | Reached skill level 10 in Shields
 25694 | Snake:3  | Received a gift from Trog
 26020 | Snake:3  | Noticed Azrael
 26029 | Snake:3  | Killed Azrael
 26205 | Snake:3  | Acquired the +1 cloak "Ujosawye" {Regen+ Str-4 Int+3
                  | Slay+3}
 26357 | Snake:4  | Entered Level 4 of the Snake Pit
 26415 | Snake:4  | Found Ucama Usuq's Antique Armour Shop.
 26422 | Snake:4  | Bought a faintly humming tower shield for 190 gold pieces
 26422 | Snake:4  | Identified the +0 tower shield of the Unbroken {rPois} (You
                  | bought it in a shop on level 4 of the Snake Pit)
 26438 | Snake:4  | Found Cuwnisko's Tremendous Tomes.
 26442 | Snake:4  | Identified the +6 rapier "Hell-Harrower" {heavy, Will-
                  | Str+3 Dex+2}
 26827 | Snake:4  | Reached skill level 14 in Throwing
 27053 | Snake:4  | Identified the +0 rapier of Conservatism {flame, rElec
                  | Int-3 Dex+4} (Trog gifted it to you on level 4 of the Snake
                  | Pit)
 27053 | Snake:4  | Received a gift from Trog
 28016 | Snake:4  | Received a gift from Trog
 28017 | Snake:4  | Reached XP level 18. HP: 148/196 MP: 12/17
 28046 | Snake:4  | Got a serpentine rune of Zot
 28324 | Swamp:1  | Entered Level 1 of the Swamp
 29243 | Swamp:2  | Noticed Mlioglotl
 29249 | Swamp:2  | Killed Mlioglotl
 29523 | Swamp:2  | Identified the +4 ring mail of the Bagpipe {Will+}
 29825 | Swamp:3  | Received a gift from Trog
 29956 | Swamp:3  | Noticed Aizul
 29979 | Swamp:3  | Killed Aizul
 30211 | Swamp:3  | Identified the ring "Oxuk" {Fire Will+ Str-4 Int+3 SInv}
 30341 | Swamp:4  | Entered Level 4 of the Swamp
 30691 | Swamp:4  | Received a gift from Trog
 30692 | Swamp:4  | Reached skill level 15 in Throwing
 30843 | Swamp:4  | Got a decaying rune of Zot
 31445 | Vaults:1 | Entered Level 1 of the Vaults
 31651 | Vaults:1 | Received a gift from Trog
 31785 | Vaults:1 | Reached XP level 19. HP: 156/206 MP: 18/18
 32229 | Vaults:1 | Received a gift from Trog
 32419 | Vaults:1 | Identified the +8 dagger "Miezxischoa" {freeze, rF+ Str+3}
 33037 | Vaults:2 | Paralysed by a great orb of eyes for 2 turns
 33062 | Vaults:2 | Found Ytuwn's Armour Boutique.
 33096 | Vaults:2 | Received a gift from Trog
 33266 | Vaults:2 | Found a staircase to the Crypt.
 33703 | Vaults:2 | Identified the +2 ring mail "Topa" {Harm Fly Str-3 Dex+3}
 33724 | Vaults:2 | Reached skill level 16 in Throwing
 34648 | Vaults:3 | Reached XP level 20. HP: 217/218 MP: 19/19
 34821 | Vaults:3 | Received a gift from Trog
 35293 | Vaults:3 | Paralysed by a floating eye for 3 turns
 36011 | Vaults:4 | Received a gift from Trog
 37479 | Depths:1 | Entered Level 1 of the Depths
 37736 | Depths:1 | Received a gift from Trog
 37742 | Depths:1 | Reached skill level 17 in Throwing
 37787 | Depths:1 | Noticed Bai Suzhen
 37808 | Depths:1 | Killed Bai Suzhen
 37959 | Depths:1 | Found Diunt's Book Shop.
 37961 | Depths:1 | Found Veprius's Armour Boutique.
 37963 | Depths:1 | Found Jim Jeuf's Antique Armour Shop.
 38094 | Depths:1 | Reached skill level 1 in Armour
 38215 | Depths:1 | Found a shimmering altar of Xom.
 38527 | Depths:1 | Reached XP level 21. HP: 102/230 MP: 20/20
 38771 | Depths:1 | Received a gift from Trog
 38934 | Depths:1 | Found an opulent altar of Gozag.
 39007 | Depths:1 | Identified the ring "Quniosoz" {rPois Str+2}
 39405 | Orc:2    | Bought a scroll of teleportation for 33 gold pieces
 39627 | Snake:2  | Bought a scroll of teleportation for 72 gold pieces
 39899 | Depths:2 | Found a one-way gateway to a ziggurat.
 40166 | Depths:2 | Identified the +11 long sword of Bread {freeze, rF+ Int+3
                  | Stlth-}
 40400 | Depths:2 | Noticed a caustic shrike
 40413 | Depths:2 | Killed a caustic shrike
 40414 | Depths:2 | Reached skill level 5 in Armour
 40564 | Depths:2 | Noticed a golden dragon
 40591 | Depths:2 | Killed a golden dragon
 40592 | Depths:2 | Reached skill level 18 in Throwing
 40835 | Depths:2 | Noticed a caustic shrike
 40850 | Depths:2 | Killed a caustic shrike
 41018 | Depths:2 | Received a gift from Trog
 41301 | Depths:2 | Found a one-way gate leading to the halls of Pandemonium.
 41358 | Depths:2 | Noticed the Enchantress
 41377 | Depths:2 | Killed the Enchantress
 42325 | Depths:3 | Found Xadwihevo's Book Shoppe.
 42361 | Depths:3 | Received a gift from Trog
 42536 | Depths:3 | Found a one-way gate to the infinite horrors of the Abyss.
 42594 | Depths:3 | Reached skill level 19 in Throwing
 42675 | Depths:3 | Noticed a golden dragon
 42685 | Depths:3 | Killed a golden dragon
 42686 | Depths:3 | Reached XP level 22. HP: 190/235 MP: 21/21
 43187 | Depths:4 | Entered Level 4 of the Depths
 43968 | Depths:4 | Noticed a golden dragon
 43972 | Depths:4 | Killed a golden dragon
 44070 | Depths:4 | Found a gate to the Realm of Zot.
 44075 | Depths:4 | Noticed a golden dragon
 44084 | Depths:4 | Killed a golden dragon
 44138 | Depths:4 | Reached skill level 10 in Armour
 44141 | Depths:4 | Received a gift from Trog
 44423 | Depths:4 | Noticed a caustic shrike
 44424 | Depths:4 | Noticed a caustic shrike
 44425 | Depths:4 | Noticed a caustic shrike
 44426 | Depths:4 | Killed a caustic shrike
 44431 | Depths:4 | Killed a caustic shrike
 44439 | Depths:4 | Killed a caustic shrike
 44620 | Depths:4 | Reached skill level 20 in Throwing
 45238 | Slime:1  | Entered Level 1 of the Pits of Slime
 45451 | Slime:4  | Gained mutation: Armour fits poorly on your strangely
                  | shaped body. [a shining eye]
 45534 | Slime:5  | Entered Level 5 of the Pits of Slime
 45712 | Slime:5  | Noticed the Royal Jelly
 45725 | Slime:5  | Gained mutation: You occasionally lose the ability to drink
                  | potions when taking damage. [a shining eye]
 45922 | Slime:5  | Killed the Royal Jelly
 45944 | Slime:5  | Received a gift from Trog
 46078 | Slime:5  | Reached XP level 23. HP: 241/249 MP: 22/22
 46087 | Slime:5  | Identified the +0 leather armour "Kyto" {rN+ rCorr Str-3
                  | SInv}
 46101 | Slime:5  | Identified the +2 quarterstaff of Worphuyh {flame, rF+
                  | rCorr}
 46103 | Slime:5  | Identified the ring "Ralycvei" {SInv Stlth+}
 46126 | Slime:5  | Got a slimy rune of Zot
 46161 | Slime:5  | Identified the +0 glaive "Uneno" {antimagic, *Rage rN+++
                  | Str+3 Int-2}
 46210 | Slime:5  | Identified the +3 hand axe of Circular Logic {freeze,
                  | Str+5}
 46212 | Slime:5  | Identified the staff of death "Uchopoc" {rN+ Str+4}
 46502 | Lair:4   | Lost mutation: Armour fits poorly on your strangely shaped
                  | body. [potion of mutation]
 46502 | Lair:4   | Lost mutation: You occasionally lose the ability to drink
                  | potions when taking damage. [potion of mutation]
 46502 | Lair:4   | Gained mutation: You are partially covered in iridescent
                  | scales. (AC +2) [potion of mutation]
 46502 | Lair:4   | Lost mutation: You are strong-willed. (Will+) [potion of
                  | mutation]
 46502 | Lair:4   | Gained mutation: You occasionally shout uncontrollably at
                  | your foes. [potion of mutation]
 46502 | Lair:4   | Gained mutation: Your muscles are strong. (Str +4, Int/Dex
                  | -1) [potion of mutation]
 46794 | Zot:1    | Entered Level 1 of the Realm of Zot
 47734 | Orc:2    | Bought a scroll of enchant armour for 82 gold pieces
 49043 | Zot:2    | Received a gift from Trog
 49288 | Zot:3    | Noticed a Killer Klown
 49297 | Zot:2    | Killed a Killer Klown
 49895 | Zot:3    | Noticed a curse toe
 50010 | Zot:3    | Noticed an orb of fire
 50016 | Zot:3    | Gained mutation: You occasionally lose the ability to drink
                  | potions when taking damage. [an orb of fire]
 50019 | Zot:3    | Gained mutation: Your mind is acute. (Int +4, Str/Dex -1)
                  | [an orb of fire]
 50025 | Zot:3    | Killed an orb of fire
 50271 | Zot:3    | Killed a curse toe
 50300 | Zot:3    | Found a runed translucent gate.
 50300 | Zot:3    | Found a runed translucent gate.
 50300 | Zot:3    | Found a runed translucent gate.
 50640 | Zot:3    | Noticed Beel's ghost (master NaVM)
 50790 | Zot:4    | Received a gift from Trog
 50902 | Zot:4    | Noticed a Killer Klown
 50906 | Zot:4    | Killed a Killer Klown
 50907 | Zot:4    | Reached skill level 21 in Throwing
 51502 | Zot:4    | Reached XP level 24. HP: 162/265 MP: 22/22
 52021 | Zot:5    | Entered Level 5 of the Realm of Zot
 52201 | Zot:5    | Received a gift from Trog
 52484 | Zot:5    | Reached skill level 22 in Throwing
 52549 | Zot:5    | Noticed a dread lich
 52555 | Zot:5    | Killed a dread lich
 52688 | Zot:5    | Noticed a dread lich
 52696 | Zot:5    | Killed a dread lich
 52730 | Zot:5    | Noticed a Killer Klown
 52742 | Zot:5    | Killed a Killer Klown
 52811 | Zot:5    | Noticed an ancient lich
 52818 | Zot:5    | Killed an ancient lich
 52848 | Zot:5    | Noticed an orb of fire
 52850 | Zot:5    | Gained mutation: You are clumsy. (Dex -2) [an orb of fire]
 52854 | Zot:5    | Gained mutation: You frequently scream uncontrollably at
                  | your foes. [an orb of fire]
 52855 | Zot:5    | Gained mutation: Your body sometimes deteriorates upon
                  | taking damage. [an orb of fire]
 52856 | Zot:5    | Killed an orb of fire
 52856 | Zot:5    | Noticed a dread lich
 52864 | Zot:5    | Killed a dread lich
 52871 | Zot:5    | Reached skill level 23 in Throwing
 52962 | Zot:5    | Noticed a Killer Klown
 52976 | Zot:5    | Killed a Killer Klown
 53033 | Zot:5    | Noticed an ancient lich
 53039 | Zot:5    | Killed an ancient lich
 53039 | Zot:5    | Received a gift from Trog
 53417 | Zot:5    | Got the Orb of Zot
 53571 | Zot:1    | Noticed Neroimos the pandemonium lord
 53993 | D:4      | Noticed Ymmemip the pandemonium lord
 53999 | D:4      | Killed Ymmemip the pandemonium lord
 54090 | D:1      | gg
 54091 | D:$      | Escaped with the Orb!

Illustrated notes

..## ######### #.##...## #.# ..#
#.......#####.......# #.#
######................)..####.#
.....'.......................>#
######.......#.#######.###.##.###
###.......#.#.....#.# #.#.....
####....####.........#.# #.#..###
...'....# ##.#####...#.###.#.....
####....###..#..@#...#.....##.###
####.........#.#.....#.##........
.............#.#####.#.######.###
###..........#....[#.#.###.##.#
###........#...#>..#...#.##.#
#####.....##.#...#####.#.#.##.#
....†...†).#.#.........#...##.###
#########..#.#.....#.###...+.....
#..#.#######.###...##.###


Turn 54090 on D:1: gg

Levels and vault maps discovered:
D:1:      ebering_trefoil_twist, layout_basic
D:2:      layout_rooms, hellmonk_ecumenical_altar_slurped_away,
          serial_corexii_hall, chequers_hall_statues_corner_a,
          chequers_hall_statues_wall_a, corexii_hall_statues_i,
          corexii_hall_statues_s, corexii_hall_statues_l,
          corexii_hall_statues_l, corner_web_ring, uniq_natasha
D:3:      layout_basic
D:4:      layout_cave_pools
D:5:      minmay_recursive_quarters, layout_loops_cross, nicolae_grassy_gnolls
D:6:      layout_gridville, nicolae_hepliaklqana_hazy_memory,
          minmay_manual_moon, uniq_sigmund
D:7:      layout_basic, okawaru_altar_gauntlet_db,
          minmay_temple_entry_enclosed_plants, hangedman_decor_clover_reticule,
          uniq_maggie, uniq_menkaure, uniq_prince_ribbit1
D:8:      kennysheep_housing_project, layout_rooms,
          nicolae_ossuary_entry_monument, serial_bayou, serial_bayou_pond_e,
          serial_bayou_pond_b, serial_bayou_pond_c, serial_bayou_pond_c,
          minmay_unpleasant_kobolds
D:9:      layout_loops_cross, nrook_pool_corridor
D:10:     layout_loops_ring, lemuel_round_altar, nicolae_overflow_squiral,
          david_lair_shrubbed, enter_bailey_2
D:11:     kennysheep_town
D:12:     layout_stronghold, minmay_orc_entry_temple_small,
          nicolae_uskayaw_suspiria
D:13:     layout_rooms, lemuel_flamethrower_1
D:14:     layout_cave_pools, erik_vaults_2, cheibriados_altar_1, serial_park,
          serial_park_gazebo [serial_park_minivault_5x5_4], serial_park_square3
          [serial_park_minivault_5x5_7], serial_park_tiny_2, serial_park_square3
          [serial_park_minivault_5x5_8], dreamdust_looks_like_rain, uniq_louise
D:15:     gammafunk_enter_depths_forms, layout_basic, serial_glass,
          glass_columns_a, glass_columns_b, glass_columns_a, glass_columns_b,
          amcnicky_mini_corridor_feature
Lair:1:   layout_cave_pods, grunt_megastairs_4, infiniplex_staircase_pool,
          lemuel_fruit_tree
Lair:2:   layout_layer_cave, guppyfry_snake_entry_island,
          kennysheep_snail_temple, infiniplex_staircase_pool_2
Lair:3:   layout_regular_city, nicolae_swamp_entry_spooky
Lair:4:   layout_cave_pods, slime_entry_1, nzn_sisyphean_effort,
          grunt_megastairs_3
Lair:5:   evil_forest, layout_misc_corridors, portal_ice_cave_entry_pillars_1,
          uniq_snorg
Swamp:1:  layout_basic_swamp, serial_swamp_ruin, evilmike_swamp_ruin_rubble_1,
          evilmike_swamp_ruin_rubble_2
Swamp:2:  layout_basic_swamp, hangedman_swamp_ruin_hall, uniq_mlioglotl
Swamp:3:  layout_falls_marsh, evilmike_swamp_ruin_house_2, roderic_carrion_pond,
          uniq_aizul
Swamp:4:  swamp, layout_basic_swamp
Snake:1:  layout_chambers, grunt_ministairs_8
Snake:2:  layout_misc_corridors, gammafunk_ghost_berserking_beasts, drop_trap,
          serial_bayou_shore_a, minmay_shoptagon, uniq_agnes
Snake:3:  layout_rooms, serial_bayou_pond_c, st_stairs_2, serial_bayou_shore_b,
          uniq_azrael
Snake:4:  snake_pit_salamanders_mu, layout_chambers, serial_shops, shop,
          nicolae_shop_i_like_big_books
Slime:1:  layout_caves
Slime:2:  layout_caves, nicolae_slime_rock_hall_of_fame
Slime:3:  layout_caves, cheibrodos_slime_lost_civilization_5
Slime:4:  layout_caves, nicolae_slime_phagocytosis
Slime:5
Orc:1:    cheibrodos_orc_arena, layout_caves, basic_altar, uniq_jorgrun
Orc:2:    st_orc_open, layout_diamond_mine, nicolae_volcano_entry_lava_flow,
          uniq_rupert
Vaults:1: ontoclasm_vaults_misaligned, nicolae_vaults_door_testing_chamber,
          nicolae_vaults_trapezoid_lopsided_4,
          nicolae_vaults_variable_pillar_hall, nicolae_vaults_angled_halls,
          nicolae_vaults_double_plus_3, ontoclasm_vaults_fault,
          hangedman_vaults_nodes, hangedman_vaults_nails,
          nicolae_vaults_frosty_reception, dpeg_vaults_monster_box,
          nicolae_vaults_little_ls, nicolae_vaults_six-pack,
          nicolae_vaults_tetromino_Z_2, layout_vaults_maze
Vaults:2: nicolae_vaults_whirlpool_walls, minmay_crypt_entry_simple_sparse,
          nicolae_vaults_little_squares_6, nicolae_vaults_offset_grid_hallway_2,
          nicolae_vaults_taking_the_gang_shopping, nicolae_vaults_house_1,
          nicolae_vaults_closet_pinwheel_1, nicolae_vaults_house_1,
          nicolae_vaults_closet_pinwheel_4, layout_vaults_omnigrid
Vaults:3: nicolae_vaults_tetromino_L_2, nicolae_vaults_triangles,
          vaults_standard_mumra_x, vaults_dpeg_emergency_exit, v_misc_2,
          nicolae_vaults_closet_pinwheel_1, nicolae_vaults_tetromino_T_1,
          hangedman_vaults_hat, vaults_room_stairs_pillars,
          ontoclasm_vaults_shout, grunt_vaults_focal, vaults_dpeg_diagonal,
          layout_vaults_ring
Vaults:4: nicolae_vaults_tetromino_Z_2, v_rooms_4, grunt_vaults_hallway_long,
          nicolae_vaults_little_squares_2, nicolae_vaults_more_shelving_2,
          v_misc_29, nicolae_vaults_closet_pinwheel_2,
          vaults_standard_mumra_enter_the_diamond, v_misc_33,
          nicolae_vaults_two_Ls, vaults_dpeg_ring, nicolae_vaults_trapezoid_1,
          nicolae_vaults_tetromino_Z_2, layout_vaults_omnibox
Depths:1: layout_gridlike, lightli_too_deep, grunt_gozag_breadcrumbs,
          grunt_ministairs_5, nicolae_wooded_promenade, xom_teletrap_fun,
          uniq_bai_suzhen
Depths:2: cheibrodos_leafed_vault, layout_gridlike, enter_ziggurat_a,
          hangedman_abyss_or_decor_stagger, pf_vacation_house_of_asmodeus,
          rand_demon_pan_entry_5, uniq_enchantress
Depths:3: minmay_distorted_concentric_squares, layout_gridlike, abyss_entry,
          serial_shops, shop, grunt_pan_entry_zigzag, hell_entry,
          infiniplex_staircase_zigzag_3
Depths:4: grunt_zot_entry_funnels, layout_cave_pools, corexii_leaking_fountain,
          grunt_pan_entry_spiral, grunt_hell_entry_dis_grunt
Zot:1:    layout_misc_corridors, amethyst_zot_foddershock
Zot:2:    layout_basic
Zot:3:    layout_gridlike, gammafunk_ghost_ooze, grunt_megastairs_1
Zot:4:    layout_onion_interference
Zot:5:    layout_basic

Skill      XL: |  1  2  3  4  5  6  7  8  9 10 11 12 13 14 15 16 17 18 19 20 21 22 23 24 |
---------------+-------------------------------------------------------------------------+-----
Fighting       | 3 4 5 7 8 9 10 12 13 14 15 16 17 18 20 | 20.0
Dodging        | 3 4 5 6 8 9 11 12 | 12.7
Unarmed Combat | 4 5 6 7 8 9 10 11 12 14 15 16 17 18 19 20 | 20.0
Throwing       | 2 3 4 5 7 8 9 10 12 13 14 15 16 17 19 20 21 23 | 23.9
Evocations     | 3 |  3.0
Shields        | 5 7 9 11 12 13 14 | 14.5
Armour         | 2 8 11 | 11.0

Action                     |  1- 3 |  4- 6 |  7- 9 | 10-12 | 13-15 | 16-18 | 19-21 | 22-24 || total
---------------------------+-------+-------+-------+-------+-------+-------+-------+-------++-------
  Melee: Unarmed           |    78 |   147 |   246 |   786 |  1238 |  1521 |  1415 |   890 ||  6321
         Punch             |     2 |     4 |    10 |    56 |    63 |       |       |       ||   135
  Throw: Javelin           |       |       |    15 |    15 |    11 |    22 |    33 |    57 ||   153
         Boomerang         |       |       |     3 |       |    16 |    23 |   145 |   165 ||   352
         Large rock        |       |       |       |       |       |    33 |    52 |   282 ||   367
         Throwing net      |       |       |       |       |       |     1 |     3 |     4 ||     8
 Invoke: Berserk           |       |     1 |     2 |     6 |     5 |     3 |    12 |       ||    29
         Brothers in Arms  |       |       |       |     2 |     5 |    14 |     6 |     3 ||    30
         Trog's Hand       |       |       |       |       |     6 |     9 |     4 |     8 ||    27
  Evoke: Wand              |       |       |       |    14 |       |     2 |     2 |       ||    18
         Phial of floods   |       |       |       |       |       |       |     1 |       ||     1
    Use: Scroll            |       |     5 |     4 |    11 |    12 |     6 |     7 |    18 ||    63
         Potion            |       |       |     1 |       |     1 |     4 |     7 |     8 ||    21
   Stab: Sleeping          |     3 |     2 |       |       |       |       |       |       ||     5
         Petrified         |       |       |       |       |     3 |       |       |       ||     3
 Armour: Animal skin       |    31 |    43 |    30 |       |       |       |       |       ||   104
         Swamp dragon scal |       |       |    12 |   256 |   370 |   326 |   148 |       ||  1112
         Storm dragon scal |       |       |       |       |       |       |   108 |       ||   108
         Acid dragon scale |       |       |       |       |       |       |    26 |   116 ||   142
         Gold dragon scale |       |       |       |       |       |       |       |   201 ||   201
  Dodge: Dodged            |    38 |    91 |   113 |   660 |   788 |   826 |   569 |   310 ||  3395
  Block: Kite shield       |       |       |       |       |   311 |  1248 |  1023 |   542 ||  3124

Table legend: (Time is in decaauts)
 A = Elapsed time spent in this place.
 B = Non-inter-level travel time spent in this place.
 C = Inter-level travel time spent in this place.
 D = Time resting spent in this place.
 E = Time spent auto-exploring this place.
 F = Levels seen in this place.
 G = Mean time per level.
                   A        B        C        D        E       F      G
               +--------+--------+--------+--------+--------+-----+--------+
         Total |  52859 |  47997 |   4862 |   6882 |  26098 |  53 |  997.3 |
       Dungeon |  15221 |  13062 |   2159 |   1358 |   7947 |  15 | 1014.7 |
          Lair |   5836 |   5179 |    657 |    496 |   3428 |   5 | 1167.2 |
         Swamp |   2813 |   2674 |    139 |    257 |   1431 |   4 |  703.2 |
     Snake Pit |   5297 |   4930 |    367 |    760 |   2736 |   4 | 1324.2 |
    Slime Pits |   1056 |    983 |     73 |     83 |    338 |   5 |  211.2 |
  Orcish Mines |   1684 |   1451 |    233 |    189 |    739 |   2 |  842.0 |
        Vaults |   5737 |   5429 |    308 |    955 |   3075 |   4 | 1434.2 |
        Depths |   7005 |   6390 |    615 |   1587 |   2718 |   4 | 1751.2 |
           Zot |   6099 |   5791 |    308 |   1019 |   2971 |   5 | 1219.8 |
         Abyss |    181 |    181 |      0 |      3 |      0 |   1 |  181.0 |
       Ossuary |    187 |    187 |      0 |      0 |     39 |   1 |  187.0 |
        Bailey |    416 |    416 |      0 |     11 |    172 |   1 |  416.0 |
      Ice Cave |    998 |    998 |      0 |    128 |    402 |   1 |  998.0 |
       Volcano |    323 |    323 |      0 |     33 |    102 |   1 |  323.0 |
               +--------+--------+--------+--------+--------+-----+--------+

Top non-repeatable levels by time:
    D:11: 2420 daAuts
Depths:2: 1884 daAuts
Depths:1: 1855 daAuts
 Snake:4: 1798 daAuts
Depths:4: 1797 daAuts
Vaults:4: 1620 daAuts
Vaults:2: 1553 daAuts
  Lair:2: 1469 daAuts
Depths:3: 1468 daAuts
 Snake:1: 1388 daAuts
   Zot:3: 1352 daAuts
   Zot:4: 1350 daAuts
Vaults:3: 1346 daAuts
   Zot:5: 1339 daAuts
 Snake:2: 1331 daAuts
